 Dungeon Crawl Stone Soup version 0.29-a0-340-g6efceafd81 (webtiles) character file.

Game seed: 15088946647187097258

5812 siradein the Cutter (level 10, 0/56 HPs)
             Began as a Vine Stalker Berserker on Apr 19, 2022.
             Was a High Priest of Trog.
             Slain by a cyclops (13 damage)
             ... on level 8 of the Dungeon.
             The game lasted 00:20:18 (6607 turns).

siradein the Cutter (Vine Stalker Berserker)        Turns: 6607, Time: 00:20:19

Health: 0/56       AC: 15    Str: 23    XL:     10   Next: 79%
Magic:  0/11       EV: 19    Int:  7    God:    Trog [*****.]
Gold:   254        SH:  0    Dex: 15    Spells: 9/9 levels left

rFire   . . .      SeeInvis .   I - +2 short sword (drain)
rCold   . . .      Faith    +   (no shield)
rNeg    . . .      Spirit   +   E - +2 steam dragon scales
rPois   .          Reflect  .   (no helmet)
rElec   .          Harm     .   (no cloak)
rCorr   .          Rampage  .   (no gloves)
Will    +....                   A - +2 pair of boots {Stlth+}
Stlth   ++........              h - amulet of faith
HPRegen 0.98/turn               c - +4 ring of protection
MPRegen 0.12/turn               w - +4 ring of evasion

@: no status effects
A: fangs 3, regeneration 1, magic shield, antimagic bite, no potion heal 2
a: Renounce Religion, Berserk, Trog's Hand, Brothers in Arms


You were on level 8 of the Dungeon.
You worshipped Trog.
Trog was extremely pleased with you.
You visited 1 branch of the dungeon, and saw 8 of its levels.

You collected 469 gold pieces.
You spent 215 gold pieces at shops.

Inventory:

Hand Weapons
 t - a +1 short sword of holy wrath
 I - a +2 short sword of draining (weapon)
Missiles
 f - 12 poisoned darts (quivered)
 p - 2 throwing nets
Armour
 A - a +2 pair of boots of stealth (worn)
 E - +2 steam dragon scales (worn)
Jewellery
 c - a +4 ring of protection (left hand)
 h - an amulet of faith (around neck)
 q - an amulet of the acrobat
 w - a +4 ring of evasion (right hand)
 y - an amulet of regeneration
 H - a ring of poison resistance
Wands
 b - a wand of mindburst (22)
 l - a wand of flame (16)
 x - a wand of iceblast (11)
Scrolls
 d - 2 scrolls of teleportation {unknown}
 e - 2 scrolls of fear {unknown}
 g - a scroll of fog {unknown}
 k - a scroll of blinking {unknown}
 n - a scroll of noise {unknown}
 v - a scroll of immolation {unknown}
 z - a scroll of holy word {unknown}
 B - a scroll of enchant weapon {unknown}
 F - a scroll of vulnerability {unknown}
 J - a scroll of silence {unknown}
Potions
 a - 2 potions of lignification
 i - a potion of attraction {unknown}
 j - 4 potions of flight
 m - 2 potions of might {unknown}
 o - a potion of berserk rage
 r - a potion of invisibility {unknown}
 s - 3 potions of cancellation
 u - 2 potions of mutation {unknown}
 C - a potion of curing {unknown}
 D - 3 potions of magic {unknown}
 G - 3 potions of degeneration {unknown}


   Skills:
 + Level 7.8 Fighting
 + Level 7.8 Short Blades
 + Level 6.8 Armour
 + Level 6.8 Dodging


You had 9 spell levels left.
You didn't know any spells.
Your spell library was empty.

Dungeon Overview and Level Annotations

Branches:
Dungeon (8/15)             Temple (0/1) D:4
   Lair: D:8-11

Altars:
Cheibriados
Elyvilon
Hepliaklqana
Makhleb
Okawaru
Qazlal
Ru
Uskayaw
Wu Jian
Zin

Shops:
D:4 *   D:7 (*


Innate Abilities, Weirdness & Mutations

You have razor-sharp teeth.
Your natural rate of healing is unusually fast.
When hurt, damage is shared between your health and your magic reserves.
Your bite disrupts and absorbs the magic of your enemies.
Potions cannot restore your health.


Message History

You hit Prince Ribbit but do no damage. You drain Prince Ribbit.
Your bite misses Prince Ribbit.
Prince Ribbit is moderately wounded.
Prince Ribbit completely misses you.
You puncture Prince Ribbit! Your bite misses Prince Ribbit.
Prince Ribbit is heavily wounded.
Prince Ribbit completely misses you.
You closely miss Prince Ribbit. You bite Prince Ribbit!
Prince Ribbit's magic leaks into the air.
You drain his magic.
Prince Ribbit is almost dead.
Prince Ribbit falters for a moment.
You hit Prince Ribbit.
You kill Prince Ribbit!
Trog accepts your kill.
No target in view!
No target in view!
HP restored.
Things that are here:
4 large rocks; a cyclops corpse; a vampire mosquito corpse
Things that are here:
a +0 great sword; a +0 ring mail; a tengu corpse
Found a runed leather armour.
A cyclops comes into view.
Found a scroll labelled NES FIRHULIN.
The cyclops shouts!
You see here a scroll labelled QILUUGH HOCE.
The cyclops throws a large rock.
The large rock hits you!!!
Ouch! That really hurt!
You start resting.
A cyclops is nearby!
The cyclops hits you!!
* * * LOW HITPOINT WARNING * * *
You hit the cyclops. You bite the cyclops! You drain its power.
You feel invigorated.
The cyclops is moderately wounded.
You hit the cyclops. You bite the cyclops, but do no damage.
The cyclops is moderately wounded.
The cyclops hits you!!
You die...

....# #.#.### #.#...##
#..###.######### ...#
#.......(.# #..#
#.##.####.## #.#...###.##
#..##
#.#...###..###...########
.............)..@........
..#..|#....######C...####
. ##...........[#?.......
#....##......#........
#.... #......#........
#.... .......#........
#..#...F#....#........
#.. ...........[......
#......##..........


You could see a cyclops.

Vanquished Creatures
  A tengu warrior (D:8)
  Pikel (D:4)
  A cyclops (D:8)
  Maggie (D:6)
  Prince Ribbit (D:8)
  A shadow (D:8)
  4 yaks (D:7)
  A vampire mosquito (D:8)
  Edmund (D:4)
  3 water moccasins (D:7)
  A sky beast (D:5)
  3 black bears
  An orc warrior (D:6)
  2 ice beasts
  2 ogres
  3 centaurs
  A phantom (D:3)
  A kobold brigand (D:8)
  3 bullfrogs
  A necrophage (D:7)
  3 scorpions
  7 killer bees
  3 howler monkeys
  3 hounds (D:5)
  3 jellies
  3 orc priests
  5 iguanas
  2 orc wizards
  7 gnolls
  3 adders
  A shadow imp (D:7)
  A white imp (D:8)
  4 worms
  A dart slug (D:2)
  19 orcs
  5 endoplasms
  2 giant cockroaches
  5 goblins
  3 hobgoblins
  9 jackals
  7 kobolds
  4 quokkas
  7 ball pythons
  4 bats
  4 frilled lizards
  4 rats
152 creatures vanquished.

Vanquished Creatures (others)
  A plant (D:1)
1 creature vanquished.

Grand Total: 153 creatures vanquished

Notes
Turn   | Place    | Note
-------+----------+-------------------------------------------
     0 | D:1      | siradein the Vine Stalker Berserker began the quest for the
                  | Orb.
     0 | D:1      | Reached XP level 1. HP: 11/11 MP: 2/2
   310 | D:1      | Reached XP level 2. HP: 16/16 MP: 3/3
   605 | D:1      | Found a faded altar of an unknown god.
   878 | D:2      | Reached ** piety under Trog
   892 | D:2      | Reached XP level 3. HP: 6/20 MP: 1/4
  1543 | D:2      | Gained mutation: Your natural rate of healing is unusually
                  | fast. [Vine Stalker growth]
  1543 | D:2      | Reached XP level 4. HP: 23/24 MP: 3/5
  1987 | D:3      | Reached XP level 5. HP: 8/28 MP: 2/6
  2194 | D:3      | Found a faded altar of an unknown god.
  2198 | D:3      | Found a hazy altar of Hepliaklqana.
  2345 | D:3      | Found an ornate altar of the Wu Jian Council.
  2345 | D:3      | Found a hide-covered altar of Uskayaw.
  2345 | D:3      | Found a sacrificial altar of Ru.
  2511 | D:3      | Noticed a phantom
  2533 | D:3      | Killed a phantom
  2643 | D:4      | Noticed an ogre
  2654 | D:4      | Killed an ogre
  2655 | D:4      | Reached XP level 6. HP: 33/33 MP: 7/7
  2699 | D:4      | Noticed a black bear
  2710 | D:4      | Killed a black bear
  2725 | D:4      | Found Bohiecusyn's General Store.
  2769 | D:4      | Noticed Edmund
  2786 | D:4      | Killed Edmund
  2787 | D:4      | Reached XP level 7. HP: 26/37 MP: 8/8
  2941 | D:4      | Noticed Pikel
  2962 | D:4      | Killed Pikel
  2963 | D:4      | Reached skill level 5 in Short Blades
  2963 | D:4      | Gained mutation: You have razor-sharp teeth. [Vine Stalker
                  | growth]
  2963 | D:4      | Reached XP level 8. HP: 20/42 MP: 6/9
  3089 | D:4      | Found a staircase to the Ecumenical Temple.
  3151 | D:4      | Reached skill level 5 in Fighting
  3181 | D:4      | Reached *** piety under Trog
  3706 | D:4      | Bought a +2 pair of boots of stealth for 215 gold pieces
  3728 | D:5      | Entered Level 5 of the Dungeon
  3932 | D:5      | Found a white marble altar of Elyvilon.
  3954 | D:5      | Reached XP level 9. HP: 40/48 MP: 8/10
  4006 | D:5      | Found a stormy altar of Qazlal.
  4045 | D:5      | Found a burning altar of Makhleb.
  4172 | D:5      | Reached skill level 5 in Armour
  4172 | D:5      | Reached skill level 5 in Dodging
  4907 | D:6      | Noticed Maggie
  4940 | D:6      | Killed Maggie
  4990 | D:6      | Reached **** piety under Trog
  5271 | D:6      | Found an iron altar of Okawaru.
  5319 | D:7      | Found a glowing silver altar of Zin.
  5341 | D:7      | Found a snail-covered altar of Cheibriados.
  5443 | D:7      | Noticed a boulder beetle
  5703 | D:7      | Reached XP level 10. HP: 53/53 MP: 11/11
  5807 | D:7      | Found Soch's Serpentskin Sales.
  6081 | D:7      | Found Wehaer's Weapon Shoppe.
  6423 | D:8      | Reached ***** piety under Trog
  6498 | D:8      | Noticed a tengu warrior
  6499 | D:8      | Noticed a manticore
  6499 | D:8      | Noticed Prince Ribbit
  6530 | D:8      | Killed a tengu warrior
  6542 | D:8      | Noticed a cyclops
  6569 | D:8      | Killed a cyclops
  6577 | D:8      | Killed Prince Ribbit
  6593 | D:8      | Noticed a cyclops
  6607 | D:8      | Slain by a cyclops

Illustrated notes

Levels and vault maps discovered:
D:1:      lordsloth_arrival_two_stooges, layout_basic,
          shapermc_ecumenical_altar_ellora
D:2:      layout_basic, grunt_decor_one_mirror, minmay_quadrilaterals
D:3:      layout_basic, nicolae_overflow_ecumenical_swirl,
          chequers_temple_overflow_statue_of_worship
D:4:      layout_basic, minmay_temple_entry_antechambers, serial_shops,
          nicolae_shop_trees, uniq_pikel, uniq_edmund
D:5:      layout_basic, bloody_makhleb, elyvilon_altar_5, grunt_qazlal_sundering
D:6:      layout_rooms, kennysheep_mini_moat, uniq_maggie
D:7:      layout_loops_ring, nicolae_overflow_hidden_temple, chei_slow_surprise,
          serial_shops, nicolae_shop_behind_doors, guppyfry_shop_venom
D:8:      minmay_cut_squares, layout_loops_ring, uniq_prince_ribbit1

Skill      XL: |  1  2  3  4  5  6  7  8  9 10 |
---------------+-------------------------------+-----
Short Blades   | 3 4 5 6 7 |  7.8
Fighting       | 3 4 5 6 7 |  7.8
Armour         | 2 3 4 6 |  6.8
Dodging        | 2 3 4 6 |  6.8

Action                   |  1- 3 |  4- 6 |  7- 9 | 10-12 || total
-------------------------+-------+-------+-------+-------++-------
Melee: Short sword       |    85 |    63 |   384 |   197 ||   729
       Bite              |    21 |    35 |   141 |    63 ||   260
       Punch             |     2 |     2 |     4 |     2 ||    10
       Dagger            |     5 |    73 |       |       ||    78
Invok: Berserk           |     1 |       |     2 |       ||     3
       Trog's Hand       |       |       |     1 |       ||     1
  Use: Scroll            |       |       |     5 |       ||     5
 Stab: Sleeping          |       |       |     3 |       ||     3
Armor: Leather armour    |    19 |       |       |       ||    19
       Chain mail        |    16 |    55 |    95 |       ||   166
       Steam dragon scal |       |       |    50 |    53 ||   103
Dodge: Dodged            |    61 |    52 |   289 |   129 ||   531

Table legend: (Time is in decaauts)
 A = Elapsed time spent in this place.
 B = Non-inter-level travel time spent in this place.
 C = Inter-level travel time spent in this place.
 D = Time resting spent in this place.
 E = Time spent auto-exploring this place.
 F = Levels seen in this place.
 G = Mean time per level.
                   A        B        C        D        E       F      G
               +--------+--------+--------+--------+--------+-----+--------+
         Total |   6492 |   6246 |    246 |     85 |   4789 |   8 |  811.5 |
       Dungeon |   6492 |   6246 |    246 |     85 |   4789 |   8 |  811.5 |
               +--------+--------+--------+--------+--------+-----+--------+

Top non-repeatable levels by time:
     D:4: 1093 daAuts
     D:2: 997 daAuts
     D:5: 929 daAuts
     D:7: 830 daAuts
     D:1: 820 daAuts
     D:3: 814 daAuts
     D:6: 608 daAuts
     D:8: 396 daAuts
